 Dungeon Crawl Stone Soup version 0.25-a0-2-g6559c6c67a (webtiles) character file.

Game seed: 5338046557361808618, levelgen mode: deterministic

44 Arixos the Charmwright (level 3, -1/18 HPs)
             Began as a Vine Stalker Skald on Oct 14, 2019.
             Slain by a gnoll (3 damage)
             ... on level 2 of the Dungeon.
             The game lasted 00:02:47 (685 turns).

Arixos the Charmwright (Vine Stalker Skald)          Turns: 685, Time: 00:02:47

Health: -1/18      AC:  3    Str: 13    XL:     3   Next: 62%
Magic:  0/7        EV: 12    Int: 13    God:
Gold:   77         SH:  0    Dex: 14    Spells: 1/7 levels left

rFire    . . .     SeeInvis .   a - +0 falchion
rCold    . . .     Gourm    .   (no shield)
rNeg     . . .     Faith    .   b - +0 leather armour
rPois    .         Spirit   +   (no helmet)
rElec    .         Reflect  .   (no cloak)
rCorr    .         Harm     .   (no gloves)
MR       .....                  (no boots)
Stlth    +.........             (no amulet)
HPRegen  0.06/turn              (no ring)
MPRegen  0.10/turn              (no ring)

@: no status effects
A: fangs 2, magic shield, antimagic bite, no potion heal 3, rot immunity
a: no special abilities


You were on level 2 of the Dungeon.
You were not hungry.

You visited 1 branch of the dungeon, and saw 2 of its levels.

You collected 77 gold pieces.

Inventory:

Hand Weapons
 a - a +0 falchion (weapon)
Missiles
 i - 18 poisoned darts (quivered)
Armour
 b - a +0 leather armour (worn)
Scrolls
 c - 2 scrolls of teleportation {unknown}
 h - a scroll of remove curse {unknown}
Potions
 e - 2 potions of heal wounds {unknown}
 g - a potion of degeneration {unknown}
Comestibles
 d - 4 rations
 f - 6 chunks of flesh


   Skills:
 + Level 2.1 Fighting
 + Level 2.2 Long Blades
 - Level 0.7 Armour
 + Level 2.0 Dodging
 + Level 2.6 Spellcasting
 + Level 3.2 Charms
 + Level 0.2 Necromancy
 + Level 0.5 Translocations


You had one spell level left.
You knew the following spells:

 Your Spells              Type           Power        Failure   Level  Hunger
a - Infusion              Chrm           ##..         9%          1    #......
r - Regeneration          Chrm/Necr      #.........   41%         3    ###....
s - Shroud of Golubria    Chrm/Tloc      #.....       22%         2    ###....

Your spell library contained the following spells:

 Spells                   Type           Power        Failure   Level  Hunger
 Song of Slaying          Chrm           ##......     12%         2    ###....
 Spectral Weapon          Hex/Chrm       #.......     43%         3    ###....


Dungeon Overview and Level Annotations

Branches:
Dungeon (2/15)

Altars:


Innate Abilities, Weirdness & Mutations

You have extremely sharp teeth.
When hurt, damage is shared between your health and your magic reserves.
Your bite disrupts and absorbs the magic of your enemies.
Potions cannot restore your health.
You are immune to rotting.


Message History

A gnoll comes into view. It is wielding a +0 halberd.
The gnoll hits you with a +0 club.
* * * LOW HITPOINT WARNING * * *
You closely miss the gnoll.
The gnoll is almost dead.
The gnoll closely misses you.
You riposte.
You closely miss the gnoll.
The gnoll is almost dead.
You hit the gnoll but do no damage. You bite the gnoll. You drain its power.
You feel invigorated.
The gnoll is almost dead.
The gnoll barely misses you. The gnoll hits you with a +0 club.
* * * LOW HITPOINT WARNING * * *
You hit the gnoll.
You kill the gnoll!
The gnoll misses you.
A gnoll comes into view. It is wielding a +0 spear.
The gnoll shouts! x2
Your magical contamination has completely faded away.
The gnoll hits you.
You die...

### #.. # ####.#
. ..##.####.#
#.#.##......#
#.#.##@.# #.#
####
#.#.#g..##### #.#
#..#
###...g.g.......
#.# #..#
#.........######
#.#
#..####.###....##
#.# #....)..#
#.#.## #.#
#..###### #.#.#
#.#
#..########.#.#
##<#
#(..........#.#
#####...


You could see 3 gnolls.

Vanquished Creatures
  A gnoll (D:2)
  An ooze (D:1)
  A dart slug (D:1)
  A leopard gecko (D:1)
  A ball python (D:2)
  A bat (D:1)
  A giant cockroach (D:1)
  4 goblins
  3 hobgoblins (D:1)
  2 jackals (D:2)
  2 frilled lizards
  6 kobolds
  4 rats
28 creatures vanquished.

Notes
Turn   | Place    | Note
-------+----------+-------------------------------------------
     0 | D:1      | Arixos the Vine Stalker Skald began the quest for the Orb.
     0 | D:1      | Reached XP level 1. HP: 11/11 MP: 4/4
    65 | D:1      | Reached XP level 2. HP: 13/15 MP: 3/6
    74 | D:1      | Learned a level 2 spell: Shroud of Golubria
   391 | D:1      | Reached XP level 3. HP: 15/18 MP: 5/7
   398 | D:1      | Learned a level 3 spell: Regeneration
   685 | D:2      | Slain by a gnoll

Levels and vault maps discovered:
D:1:      ebering_trefoil_3fold, layout_basic
D:2:      layout_loops_ring, zin_academy, first_ration

Skill      XL: |  1  2  3 |
---------------+----------+-----
Fighting       | 2 |  2.1
Long Blades    | 2 |  2.2
Dodging        | 2 |  2.0
Armour         | |  0.7
Spellcasting   | |  2.6
Charms         | |  3.2
Necromancy     | |  0.2
Translocations | |  0.5

Action                   || total
-------------------------++-------
Melee: Falchion          ||    61
       Bite              ||    20
 Cast: Shroud of Golubri ||     3
Armor: Leather armour    ||     7
Dodge: Dodged            ||    43
       Rpst.: Falchion   ||    13

Table legend:
 A = Non-vault XP
 B = Vault XP
 C = Vault XP percentage of total XP
 D = Non-vault monster count
 E = Vault monster count
 F = Vault count percentage of total count
                 A         B        C        D         E       F
            +---------+---------+-------+---------+---------+-------
      Total |      64 |       0 |   0.0 |      28 |       0 |   0.0
            +---------+---------+-------+---------+---------+-------
        D:1 |      38 |       0 |   0.0 |      19 |       0 |   0.0
        D:2 |      26 |       0 |   0.0 |       9 |       0 |   0.0
            +---------+---------+-------+---------+---------+-------
